 Dungeon Crawl Stone Soup version 0.31-a0-115-g4708a659fe (webtiles) character file.

Game seed: 14546566391110392279

272475 rigao the Tortoise (level 19, -1/158 (183) HPs)
             Began as a Minotaur Fighter on May 29, 2023.
             Was a High Priest of Makhleb.
             Slain by a spectral fire giant (2 damage)
             ... called from beyond by a revenant
             ... in a wizard's laboratory.
             The game lasted 01:28:31 (45574 turns).

rigao the Tortoise (Minotaur Fighter)              Turns: 45574, Time: 01:28:32

HP:   -1/158 (183)  AC: 27    Str: 29    XL:     19   Next: 48%
MP:   29/29         EV: 18    Int:  5    God:    Makhleb [*****.]
Gold: 915           SH: 15    Dex: 13    Spells: 18/18 levels left

rFire   + + +        a - +8 mithril axe "Arga" {speed, Will+}
rCold   + + .        e - +0 kite shield
rNeg    + . .        D - +5 storm dragon scales of Ojorioduff {rElec rF+ rCorr Dex-3 Slay+2}
rPois   +            O - -2 hat of the Alchemist {rElec rPois rF+ rC+ rN+ Will+ rMut rCorr}
rElec   +            J - +0 cloak
rCorr   +            R - +2 pair of gloves
SInv    .            (no boots)
Will    +....        Q - amulet of faith Stlth
                     f - +5 ring of evasion
HPRegen 0.46/turn    d - ring of the Grand Tangerine {rElec rPois rF+ rC+ Dex+6}
MPRegen 0.21/turn

%: resist mutation, faith
@: about to teleport, weak-willed, slowed, heavily drained, very slow
A: horns 2, retaliatory headbutt
}: 2/15 runes: decaying, gossamer
a: Renounce Religion, Minor Destruction, Lesser Servant of Makhleb, Major
Destruction, Greater Servant of Makhleb


You were in a wizard's laboratory.
You worshipped Makhleb.
Makhleb was extremely pleased with you.
You visited 7 branches of the dungeon, and saw 33 of its levels.
You also visited: Gauntlet, Volcano and Wizlab.

You collected 4637 gold pieces.
You spent 3722 gold pieces at shops.

Inventory:

Hand Weapons
 a - the +8 mithril axe "Arga" (weapon) {speed, Will+}
   (You bought it in a shop on level 2 of the Orcish Mines)

   Will:      It increases your willpower.
 b - a +8 broad axe of flaming
 W - a +1 demon whip of venom
Missiles
 k - 9 javelins (quivered)
 y - 2 throwing nets
 S - 2 silver javelins
Armour
 e - a +0 kite shield (worn)
 o - the +10 tower shield of Ignorance {rN+ Int-4}
   (You acquired it on level 3 of the Spider Nest)

   Int:       It affects your intelligence (-4).
   rN:        It protects you from negative energy.
 D - the +5 storm dragon scales of Ojorioduff (worn) {rElec rF+ rCorr Dex-3 Slay+2}
   (You bought it in a shop on level 10 of the Dungeon)

   Dex:       It affects your dexterity (-3).
   Slay:      It affects your accuracy & damage with ranged weapons and melee
   (+2).
   rF:        It protects you from fire.
   rElec:     It insulates you from electricity.
   rCorr:     It protects you from acid and corrosion.
 J - a +0 cloak (worn)
 O - the -2 hat of the Alchemist (worn) {rElec rPois rF+ rC+ rN+ Will+ rMut rCorr}
   (You acquired it on level 6 of the Dungeon)

   rF:        It protects you from fire.
   rC:        It protects you from cold.
   rElec:     It insulates you from electricity.
   rPois:     It protects you from poison.
   rN:        It protects you from negative energy.
   rCorr:     It protects you from acid and corrosion.
   rMut:      It protects you from mutation.
   Will:      It increases your willpower.
 R - a +2 pair of gloves (worn)
 Y - the +5 chain mail of Nuit Koxt {Will+}
   (You bought it in a shop on level 10 of the Dungeon)

   Will:      It increases your willpower.
Jewellery
 d - the ring of the Grand Tangerine (right hand) {rElec rPois rF+ rC+ Dex+6}
   (You bought it in a shop on level 2 of the Orcish Mines)

   [ring of dexterity]

   Dex:       It affects your dexterity (+6).
   rF:        It protects you from fire.
   rC:        It protects you from cold.
   rElec:     It insulates you from electricity.
   rPois:     It protects you from poison.
 f - a +5 ring of evasion (left hand)
 A - a ring of flight
 L - the ring "Giwnot" {Ice rElec rPois}
   (You found it in a Gauntlet)

   [ring of ice]

   It enhances your ice magic.
   rF:        It makes you vulnerable to fire.
   rC:        It protects you from cold.
   rElec:     It insulates you from electricity.
   rPois:     It protects you from poison.
 Q - an amulet of faith (around neck)
 U - a ring of positive energy
Wands
 p - a wand of quicksilver (6)
 r - a wand of mindburst (31)
 w - a wand of paralysis (18)
 x - a wand of roots (4)
 B - a wand of flame (26)
 E - a wand of digging (12)
Scrolls
 c - 6 scrolls of butterflies
 h - 4 scrolls of fog
 i - 3 scrolls of vulnerability
 j - 5 scrolls of fear
 l - 13 scrolls of teleportation
 m - 8 scrolls of identify
 t - 12 scrolls of immolation
 z - 6 scrolls of enchant armour
 N - a scroll of poison
Potions
 g - 11 potions of curing
 n - 14 potions of ambrosia
 u - 2 potions of magic
 v - 4 potions of cancellation
 C - 2 potions of berserk rage
 F - 3 potions of brilliance
 G - 7 potions of invisibility
 I - 4 potions of lignification
 M - 6 potions of mutation
 P - 4 potions of haste
 T - 3 potions of attraction
 V - 2 potions of enlightenment
 X - a potion of resistance
 Z - a potion of might
Miscellaneous
 q - a condenser vane (inert)
 H - a phial of floods


   Skills:
 + Level 19.3 Fighting
 - Level 18.0 Axes
 + Level 19.3 Armour
 - Level 10.0 Dodging
 + Level 19.2 Shields
 + Level 15.2 Invocations
 + Level 6.0 Evocations


You had 18 spell levels left.
You didn't know any spells.
Your spell library contained the following spells:

 Spells                   Type           Power      Damage    Failure   Level
 Necrotise                Necr           0%         1d4       88%         1
 Sting                    Tmut/Pois      0%         1d3       88%         1
 Summon Small Mammal      Summ           0%         N/A       88%         1
 Blink                    Tloc           0%         N/A       95%         2
 Lesser Beckoning         Tloc           0%         N/A       95%         2
 Momentum Strike          Conj/Tloc      0%         3d8       95%         2
 Poisonous Vapours        Pois/Air       0%         N/A       95%         2
 Scorch                   Fire           0%         2d5       95%         2
 Static Discharge         Conj/Air       0%         2-2/arc   95%         2
 Call Canine Familiar     Summ           0%         N/A       99%         3
 Gell's Gravitas          Tloc           0%         N/A       99%         3
 Ignite Poison            Fire/Tmut/Pois 0%         N/A       99%         3
 Inner Flame              Hex/Fire       0%         N/A       99%         3
 Mephitic Cloud           Conj/Pois/Air  0%         N/A       99%         3
 Ozocubu's Armour         Ice            0%         N/A       99%         3
 Portal Projectile        Hex/Tloc       0%         N/A       99%         3
 Stone Arrow              Conj/Erth      0%         3d7       99%         3
 Summon Guardian Golem    Hex/Summ       0%         N/A       99%         3
 Teleport Other           Tloc           0%         N/A       99%         3
 Tukima's Dance           Hex            0%         N/A       99%         3
 Vampiric Draining        Necr           0%         2d6       99%         3
 Vhi's Electric Charge    Tloc/Air       0%         N/A       99%         3
 Volatile Blastmotes      Fire/Tloc      0%         2d10      99%         3
 Airstrike                Air            0%         2d(0-16)  100%        4
 Animate Armour           Summ/Erth      0%         N/A       100%        4
 Flame Wave               Conj/Fire      0%         2d4       100%        4
 Fulminant Prism          Conj/Hex       0%         3d5       100%        4
 Iskenderun's Mystic Bla  Conj/Tloc      0%         2d3       100%        4
 Leda's Liquefaction      Hex/Erth       0%         N/A       100%        4
 Manifold Assault         Tloc           0%         N/A       100%        4
 Olgreb's Toxic Radiance  Pois           0%         N/A       100%        4
 Passage of Golubria      Tloc           0%         N/A       100%        4
 Petrify                  Tmut/Erth      0%         N/A       100%        4
 Sticky Flame             Conj/Fire      0%         2d3       100%        4
 Summon Lightning Spire   Summ/Air       0%         N/A       100%        4
 Agony                    Necr           0%         N/A       100%        5
 Arcjolt                  Conj/Air       0%         1d10      100%        5
 Blade Hands              Tmut           0%         N/A       100%        5
 Freezing Cloud           Conj/Ice/Air   0%         6-21      100%        5
 Lee's Rapid Deconstruct  Erth           0%         3d4*      100%        5
 Metabolic Englaciation   Hex/Ice        0%         N/A       100%        5
 Yara's Violent Unravell  Hex/Tmut       0%         3d3       100%        5
 Conjure Ball Lightning   Conj/Air       0%         3x3d6     100%        6
 Eringya's Noxious Bog    Tmut/Pois      0%         N/A       100%        6
 Leda's Unmaking          Conj/Erth      0%         9d1       100%        6
 Plasma Beam              Fire/Air       0%         2x1d11    100%        6
 Statue Form              Tmut/Erth      0%         N/A       100%        6
 Summon Cactus Giant      Summ           0%         N/A       100%        6
 Ozocubu's Refrigeration  Ice            0%         4d7       100%        7
 Storm Form               Tmut/Air       0%         N/A       100%        7
 Discord                  Hex            0%         N/A       100%        8
 Disjunction              Tloc           0%         N/A       100%        8
 Ignition                 Fire           0%         3d3       100%        8
 Lehudib's Crystal Spear  Conj/Erth      0%         10d2      100%        8
 Maxwell's Capacitive Co  Air            0%         ∞         100%        8
 Chain Lightning          Conj/Air       0%         N/A       100%        9


Dungeon Overview and Level Annotations

Branches:
Dungeon (15/15)            Temple (1/1) D:6            Lair (5/5) D:10
  Swamp (4/4) Lair:3       Spider (4/4) Lair:2        Slime (0/5) Lair:4
    Orc (2/2) D:12            Elf (0/3) Orc:2        Vaults (2/5) D:14
 Depths (0/4) D:15        Volcano (visited)          WizLab (1/1)
Gauntlet (visited)
  Crypt: Vaults:2-3

Altars:
Ashenzari
Cheibriados
Dithmenos
Elyvilon
Fedhas
Gozag
Hepliaklqana
Kikubaaqudgha
Makhleb
Nemelex Xobeh
Okawaru
Qazlal
Ru
Sif Muna
Trog
Uskayaw
Vehumet
Wu Jian
Xom
Yredelemnul
Zin
The Shining One
Jiyva

Shops:
D:10 [([:   Orc:1 (   Orc:2 ((**(

Annotations:
Lair:4 1 runed translucent door
Lair:5 2 transporters, Domino's ghost, journeyman MiBe
Spider:3 2 transporters, exclusion: orange crystal statue


Innate Abilities, Weirdness & Mutations

You have a pair of horns on your head.
You reflexively headbutt those who attack you in melee.


Message History

The ghostly fireball engulfs the green death.
The green death completely resists.
The ghostly fireball engulfs the spectral tengu reaver.
The spectral tengu reaver completely resists.
The ancient champion hits you but does no damage.
You partially resist.
The spectral tengu reaver closely misses you.
You furiously retaliate!
You headbutt the spectral tengu reaver. The spectral tengu reaver pecks you.
* * * LOW HITPOINT WARNING * * *
You block the spectral tengu reaver's attack.
The green death misses you. You furiously retaliate!
You headbutt the green death.
You block the spectral fire giant's attack.
The revenant completely misses you.
You block the ancient champion's attack.
You feel much better. The spectral tengu reaver hits you!
* * * LOW HITPOINT WARNING * * *
You partially resist.
You feel drained.
* * * LOW HITPOINT WARNING * * *
You block the spectral tengu reaver's attack.
The spectral tengu reaver misses you.
You block the spectral fire giant's attack.
The green death gestures at you. The bolt of poison misses you.
The ancient champion hits you but does no damage.
You partially resist. The revenant hits you.
* * * LOW HITPOINT WARNING * * *
The spectral tengu reaver hits you but does no damage.
The spectral tengu reaver pecks you.
* * * LOW HITPOINT WARNING * * *
You partially resist.
You feel drained.
The spectral tengu reaver claws you but does no damage.
The green death gestures at you. The bolt of poison hits you! You resist.
* * * LOW HITPOINT WARNING * * *
The spectral fire giant hits you!
* * * LOW HITPOINT WARNING * * *
You partially resist.
You feel drained.
You die...

.....##.##........#..#
#.......#####.....#
#...∩...#...##....#
#⌠.....⌠#....##...#
###...###.....##..##
##.##........#...#
#⌠#.....#.z.#...#
###..Z☼.#zz2....#
#..§z#.##@.#...#
#.#W#.Z.#ZZ....# .....
#Z.#..#..## ....#.
...#.....# .......
..##.....# ...# ..
..#......# ..# #..
##...#..# .. #..
..#...#


You could see a revenant, a green death (summoned), an ancient champion, a
spectral fire giant (summoned), a spectral tengu reaver (summoned) and a flying
skull.

Vanquished Creatures
  the Lernaean hydra (Swamp:4)
  Bai Suzhen (Swamp:3)
  Nikola (Swamp:3)
  A tentacled monstrosity (Swamp:1)
  Jorgrun (D:12)
  2 thorn hunters
  A revenant (WizLab)
  Roxanne (Swamp:3)
  3 vault wardens (Vaults:1)
  7 emperor scorpions
  A balrug (Gauntlet)
  4 ironbound preservers
  3 ghost moths
  An orc warlord (Vaults:1)
  3 broodmothers (Spider:2)
  2 stone giants
  2 ironbound thunderhulks (Vaults:1)
  A minotaur (Gauntlet)
  8 dire elephants (Vaults:1)
  4 eleionomae
  5 bunyips
  A spark wasp (Spider:3)
  2 spectral quicksilver dragons (WizLab)
  An eidolon (WizLab)
  Snorg (D:12)
  Josephine (D:13)
  A shambling mangrove (Swamp:4)
  A jiangshi (WizLab)
  A fire dragon (Lair:5)
  3 yaktaur captains
  5 entropy weavers
  A great orb of eyes (Vaults:2)
  Fannar (Orc:1)
  5 vault guards
  A radroach (Spider:4)
  18 hydras
  3 ghost crabs
  2 ironbound frosthearts
  4 jorogumos
  5 centaur warriors
  6 two-headed ogres
  5 boulder beetles
  A death knight (D:14)
  An ogre mage (D:15)
  13 death yaks
  A catoblepas (Lair:2)
  10 alligators
  5 death scarabs (Spider:4)
  A spectral emperor scorpion (Spider:4)
  3 orc high priests (Orc:2)
  A vampire mage (WizLab)
  Nergalle (D:10)
  Amaemon (D:9)
  2 skysharks (Lair:5)
  4 pharaoh ants
  A sun moth (Spider:3)
  3 shadow wraiths (WizLab)
  3 goliath frogs
  5 spriggan druids
  A death drake (Swamp:4)
  5 skeletal warriors
  7 lindwurms
  9 swamp dragons (Swamp:4)
  12 deep trolls
  A glowing orange brain (Vaults:1)
  2 flayed ghosts (WizLab)
  8 bog bodies
  2 wizards
  6 orb spiders
  7 phantasmal warriors
  3 steelbarb worms
  2 oklob plants
  2 ironbound convokers (Vaults:1)
  A wolf spider zombie (Spider:4)
  A spectral jorogumo (Spider:4)
  A deep elf pyromancer (D:14)
  8 orc knights
  A broodmother zombie (Spider:4)
  17 wolf spiders
  4 orc sorcerers
  A spectral spriggan (WizLab)
  12 ugly things
  4 manticores
  5 cyclopes
  6 will-o-the-wisps
  16 elephants
  7 moths of wrath
  Joseph (D:9)
  5 black mambas
  Maurice (D:9)
  An orange demon (D:9)
  10 torpor snails
  7 vault sentinels
  5 gargoyles
  4 demonic crawlers
  16 cane toads
  9 komodo dragons
  3 rime drakes
  A freezing wraith (D:14)
  A kobold demonologist (D:11)
  3 spectral redbacks (Spider:4)
  A yaktaur (D:14)
  2 redback zombies (Spider:4)
  5 trolls
  2 polar bears
  2 spectral harpies (WizLab)
  A bloated husk (Swamp:2)
  3 meliai (Spider:1)
  25 tarantellas
  A queen bee (D:9)
  3 spectral jumping spiders (Spider:4)
  12 tyrant leeches
  A harpy skeleton (Volcano)
  Grinder (D:4)
  2 spectral culicivoras (Spider:4)
  11 hornets
  4 spectral tarantellas (Spider:4)
  2 spriggan zombies (WizLab)
  6 blink frogs
  2 dream sheep (Lair:2)
  19 slime creatures
  2 alligator skeletons (Volcano)
  21 jumping spiders
  3 centaur simulacra (Gauntlet)
  19 culicivoras
  4 flying skulls
  3 shadows
  5 spriggans
  7 wyverns
  61 yaks
  A water elemental (D:14)
  9 wraiths
  25 redbacks
  4 steam dragons
  6 vampire mosquitoes
  3 wargs
  17 swamp worms
  An acid dragon (D:14)
  Duvessa (D:6)
  12 water moccasins
  2 hell hounds (Gauntlet)
  33 orc warriors
  7 swamp drakes (Swamp:4)
  2 sky beasts
  2 black bears
  7 ogres
  The ghost of PostNTower the Digger, an amateur DrEE (D:3)
  5 centaurs
  11 wolves (Lair:3)
  3 kobold brigands
  14 bullfrogs
  2 gnoll sergeants
  Blork the orc (D:5)
  2 scorpions
  10 wights
  The ghost of alfthe the Trooper, a weakling HOFi (D:4)
  Dowan (D:6)
  31 killer bees
  3 howler monkeys (D:10)
  2 troll skeletons (Volcano)
  4 electric eels
  6 crimson imps (D:12)
  20 orc priests
  5 hounds
  A wyvern simulacrum (Gauntlet)
  An iron imp (D:7)
  A sleepcap (D:6)
  2 iguanas
  25 orc wizards
  5 hell rats (Lair:2)
  14 gnolls
  11 adders
  2 hound simulacra (D:3)
  2 shadow imps
  3 white imps
  2 ufetubi
  3 worms
  4 adder simulacra (D:3)
  A dart slug (D:1)
  71 orcs
  6 endoplasms
  6 giant cockroaches
  17 goblins
  9 hobgoblins
  2 jackals (D:3)
  13 kobolds
  2 quokkas
  10 ball pythons
  A ball python simulacrum (D:3)
  4 bats
  3 frilled lizards
  2 goblin zombies (D:7)
  3 hobgoblin zombies (D:7)
  A kobold skeleton (D:7)
  2 orc skeletons (D:7)
  6 rats
1114 creatures vanquished.

Vanquished Creatures (collateral kills)
  Mara (Spider:3)
  Kirke (Spider:3)
  A fenstrider witch (Swamp:3)
  2 emperor scorpions
  2 ghost moths (Spider:4)
  A broodmother (Spider:2)
  2 eleionomae (Swamp:3)
  A spark wasp (Spider:4)
  An entropy weaver (Spider:3)
  A jiangshi (WizLab)
  3 hydras
  A vault guard (Vaults:1)
  A jorogumo (Spider:4)
  2 radroaches
  An alligator (Swamp:3)
  A boulder beetle (D:15)
  2 two-headed ogres (D:15)
  An orc high priest (Orc:2)
  A skeletal warrior (D:15)
  4 orb spiders
  A swamp dragon (Swamp:4)
  A deep elf pyromancer (D:14)
  A spectral spriggan (WizLab)
  An orc sorcerer (Orc:2)
  6 ugly things (D:14)
  3 orc knights
  4 wolf spiders
  2 cyclopes
  2 demonic crawlers
  4 hornets
  2 tarantellas
  A tyrant leech (Swamp:1)
  A jumping spider (Spider:1)
  4 spriggans
  2 hogs (Spider:3)
  3 redbacks (Spider:2)
  A swamp worm (Swamp:3)
  An orc warrior (Orc:2)
70 creatures vanquished.

Vanquished Creatures (others)
  Aizul (Swamp:2)
  3 bloated husks (Swamp:1)
  A tarantella (Spider:2)
  2 humans (Spider:3)
  A swamp worm (Swamp:3)
  A kobold brigand (D:11)
  An orc priest (Orc:2)
  An orc (D:8)
  2 kobolds (D:8)
  22 foxfires
35 creatures vanquished.

Grand Total: 1219 creatures vanquished

Notes
Turn   | Place    | Note
-------+----------+-------------------------------------------
     0 | D:1      | rigao the Minotaur Fighter began the quest for the Orb.
     0 | D:1      | Reached XP level 1. HP: 19/19 MP: 0/0
   121 | D:1      | Reached XP level 2. HP: 27/27 MP: 1/1
  1171 | D:2      | Reached XP level 3. HP: 33/33 MP: 2/2
  1382 | D:2      | Reached XP level 4. HP: 40/40 MP: 3/3
  1803 | D:3      | Noticed a black bear
  1806 | D:3      | Killed a black bear
  1807 | D:3      | Reached XP level 5. HP: 47/47 MP: 4/4
  1807 | D:3      | Found an ornate altar of the Wu Jian Council.
  1900 | D:3      | Found a basalt altar of Yredelemnul.
  2209 | D:3      | Found a runed translucent gate.
  2209 | D:3      | Found a runed translucent gate.
  2209 | D:3      | Found a runed translucent gate.
  2303 | D:3      | Noticed PostNTower's ghost (amateur DrEE)
  2339 | D:3      | Noticed an ogre
  2341 | D:3      | Killed an ogre
  2342 | D:3      | Reached skill level 5 in Fighting
  2342 | D:3      | Reached skill level 5 in Armour
  2342 | D:3      | Reached skill level 5 in Shields
  2342 | D:3      | Reached skill level 1 in Evocations
  2342 | D:3      | Reached XP level 6. HP: 56/56 MP: 5/5
  2892 | D:4      | Found a large runed translucent door.
  2892 | D:4      | Found a large runed translucent door.
  2896 | D:4      | Noticed alfthe's ghost (weakling HOFi)
  2939 | D:4      | Noticed Grinder
  2942 | D:4      | Killed Grinder
  2943 | D:4      | Reached XP level 7. HP: 56/61 MP: 6/6
  3438 | D:4      | Reached skill level 5 in Axes
  3808 | D:5      | Entered Level 5 of the Dungeon
  3998 | D:5      | Found a shadowy altar of Dithmenos.
  3998 | D:5      | Found a snail-covered altar of Cheibriados.
  4067 | D:5      | Noticed Blork the orc
  4073 | D:5      | Killed Blork the orc
  4521 | D:6      | Reached XP level 8. HP: 70/70 MP: 7/7
  5008 | D:6      | Identified a scroll of acquirement
  5009 | D:6      | Acquired the -2 hat of the Alchemist {rElec rPois rF+ rC+
                  | rN+ Will+ rMut rCorr}
  5009 | D:6      | Found the -2 hat of the Alchemist {rElec rPois rF+ rC+ rN+
                  | Will+ rMut rCorr}
  5030 | D:6      | Noticed Duvessa
  5046 | D:6      | Noticed Dowan
  5048 | D:6      | Killed Duvessa
  5050 | D:6      | Killed Dowan
  5159 | D:6      | Reached skill level 5 in Evocations
  5287 | D:6      | Found a glowing silver altar of Zin.
  5306 | D:6      | Reached XP level 9. HP: 79/79 MP: 8/8
  5459 | D:6      | Found an iron altar of Okawaru.
  5670 | D:6      | Found a staircase to the Ecumenical Temple.
  5685 | Temple   | Entered the Ecumenical Temple
  5846 | Temple   | Became a worshipper of Makhleb the Destroyer
  6365 | D:7      | Found a bloodstained altar of Trog.
  6369 | D:7      | Found a radiant altar of Vehumet.
  6472 | D:7      | Found a glowing golden altar of the Shining One.
  6483 | D:7      | Reached * piety under Makhleb
  6485 | D:7      | Reached skill level 1 in Invocations
  6764 | D:7      | Found a sacrificial altar of Ru.
  7201 | D:8      | Reached XP level 10. HP: 61/90 MP: 10/10
  7545 | D:8      | Identified the +10 sling "Oboil" {flame, Dex+3}
  7670 | D:8      | Reached ** piety under Makhleb
  8023 | D:9      | Noticed Amaemon
  8025 | D:9      | Noticed an orange demon
  8030 | D:9      | Killed Amaemon
  8165 | D:9      | Killed an orange demon
  8857 | D:9      | Noticed Joseph
  8861 | D:9      | Noticed Maurice
  8862 | D:9      | Killed Joseph
  8865 | D:9      | Killed Maurice
  9687 | D:9      | Reached XP level 11. HP: 78/99 MP: 13/13
  9692 | D:9      | Reached skill level 10 in Fighting
  9745 | D:9      | Reached skill level 10 in Shields
  9794 | D:9      | Reached skill level 10 in Armour
  9796 | D:9      | Reached skill level 5 in Invocations
  9969 | D:9      | Noticed a two-headed ogre
  9973 | D:9      | Killed a two-headed ogre
  9984 | D:9      | Reached skill level 10 in Axes
 10152 | D:10     | Entered Level 10 of the Dungeon
 10216 | D:10     | Noticed Nergalle
 10232 | D:10     | Killed Nergalle
 10476 | D:10     | Noticed a two-headed ogre
 10481 | D:10     | Killed a two-headed ogre
 10520 | D:10     | Noticed a seven-headed hydra
 10527 | D:10     | Killed a seven-headed hydra
 10594 | D:10     | Identified the +9 scimitar "Emiff" {antimagic, rPois rN+
                  | Will+ Int+2}
 10594 | D:10     | Noticed an orc knight
 10600 | D:10     | Killed an orc knight
 10606 | D:10     | Noticed a wizard
 10608 | D:10     | Killed a wizard
 10666 | D:10     | Got the Tome of the Chthonic Welkin
 10706 | D:10     | Noticed a two-headed ogre
 11002 | D:10     | Killed a two-headed ogre
 11186 | D:10     | Noticed a death yak
 11187 | D:10     | Noticed a death yak
 11208 | D:9      | Killed a death yak
 11338 | D:10     | Reached XP level 12. HP: 110/110 MP: 15/15
 11644 | D:10     | Found Dibaigg's Armour Shop.
 11651 | D:10     | Noticed a death yak
 11652 | D:10     | Noticed a death yak
 11677 | D:9      | Killed a death yak
 12084 | D:10     | Reached *** piety under Makhleb
 12136 | D:10     | Found a blossoming altar of Fedhas.
 12184 | D:10     | Found Amoh's Antique Armour Boutique.
 12187 | D:10     | Bought a pair of embroidered gloves for 210 gold pieces
 12213 | D:10     | Found Giariw's Weapon Boutique.
 12283 | D:10     | Killed a death yak
 12389 | D:10     | Noticed a death yak
 12409 | D:10     | Noticed a death yak
 12415 | D:9      | Killed a death yak
 12693 | D:10     | Found Luycwa's Book Boutique.
 12725 | D:10     | Found a staircase to the Lair.
 13003 | D:10     | Found Dibaigg's Armour Shop.
 13018 | D:10     | Found a staircase to the Lair.
 13124 | D:9      | Killed a death yak
 13224 | D:10     | Found Luycwa's Book Boutique.
 13362 | D:10     | Found a blossoming altar of Fedhas.
 13404 | D:10     | Found Amoh's Antique Armour Boutique.
 13423 | D:10     | Found Giariw's Weapon Boutique.
 13672 | D:10     | Found Dibaigg's Armour Shop.
 13703 | D:10     | Killed a death yak
 13824 | D:10     | Found Giariw's Weapon Boutique.
 13837 | D:10     | Found Amoh's Antique Armour Boutique.
 13920 | D:10     | Found Luycwa's Book Boutique.
 14054 | D:10     | Found a blossoming altar of Fedhas.
 14129 | Lair:1   | Entered Level 1 of the Lair of Beasts
 16225 | Lair:2   | Reached XP level 13. HP: 119/119 MP: 18/18
 16328 | Lair:2   | Reached **** piety under Makhleb
 16557 | Lair:2   | Found a hole to the Spider Nest.
 17408 | Lair:3   | Found a staircase to the Swamp.
 17937 | Lair:3   | Found a dark tunnel.
 17942 | Volcano  | Entered a volcano
 18279 | Volcano  | Reached ***** piety under Makhleb
 19047 | Lair:4   | Reached XP level 14. HP: 106/130 MP: 20/20
 19773 | Lair:4   | Found a runed translucent door.
 19773 | Lair:4   | Found a viscous altar of Jiyva.
 19773 | Lair:4   | Noticed an acid blob
 19774 | Lair:4   | Found a staircase to the Slime Pits.
 19774 | Lair:4   | Noticed an acid blob
 19900 | Lair:5   | Entered Level 5 of the Lair of Beasts
 20249 | Lair:5   | Found a transporter.
 20252 | Lair:5   | Found a transporter.
 20252 | Lair:5   | Noticed Domino's ghost (journeyman MiBe)
 20694 | D:3      | Killed PostNTower's ghost
 20830 | D:4      | Killed alfthe's ghost
 21094 | Lair:5   | Found a runed translucent door.
 21101 | Lair:5   | Reached skill level 10 in Invocations
 23417 | D:10     | Bought the +5 chain mail of Nuit Koxt {Will+} for 589 gold
                  | pieces
 24049 | D:11     | Found a shimmering altar of Xom.
 24051 | D:11     | Found a shimmering altar of Xom.
 24052 | D:11     | Found a shimmering altar of Xom.
 24057 | D:11     | Found a shimmering altar of Xom.
 24060 | D:11     | Found a shimmering altar of Xom.
 24061 | D:11     | Found a shimmering altar of Xom.
 24061 | D:11     | Found a shimmering altar of Xom.
 24517 | D:11     | Identified the +0 leather armour "Wetoammu" {rF++ rC+
                  | Str+3}
 24973 | D:11     | Reached ****** piety under Makhleb
 25152 | D:12     | Reached XP level 15. HP: 139/139 MP: 22/22
 25172 | D:12     | Found a staircase to the Orcish Mines.
 25229 | D:12     | Found a gate leading to a gauntlet.
 25239 | Gauntlet | Entered a Gauntlet
 25239 | Gauntlet | Found a transporter.
 25239 | Gauntlet | Found a transporter.
 25243 | Gauntlet | Found a transporter.
 25243 | Gauntlet | Found a transporter.
 25267 | Gauntlet | Found a transporter.
 25277 | Gauntlet | Found a transporter.
 25282 | Gauntlet | Found a transporter.
 25290 | Gauntlet | Found a transporter.
 25311 | Gauntlet | Found a transporter.
 25318 | Gauntlet | Found a transporter.
 25340 | Gauntlet | Found a transporter.
 25366 | Gauntlet | Found a transporter.
 25375 | Gauntlet | Found a transporter.
 25389 | Gauntlet | Found a transporter.
 25489 | Gauntlet | Found a transporter.
 25505 | Gauntlet | Found a transporter.
 25657 | Gauntlet | Reached skill level 15 in Fighting
 25767 | Gauntlet | Identified the ring "Giwnot" {Ice rElec rPois}
 25798 | Gauntlet | Reached skill level 15 in Armour
 25887 | Gauntlet | Reached skill level 15 in Shields
 25892 | Gauntlet | Got the Directory of Fluctuating Calefaction
 26338 | Orc:1    | Entered Level 1 of the Orcish Mines
 26340 | Orc:1    | Noticed Snorg
 26341 | Orc:1    | Noticed Fannar
 26479 | D:12     | Killed Snorg
 26695 | Orc:1    | Noticed Jorgrun
 26702 | Orc:1    | Killed Fannar
 26713 | D:12     | Killed Jorgrun
 26984 | Orc:1    | Reached skill level 15 in Axes
 27110 | Orc:1    | Found Toxuiroh's Antique Weapon Shop.
 27284 | Orc:2    | Entered Level 2 of the Orcish Mines
 27284 | Orc:2    | Found a staircase to the Elven Halls.
 27284 | Orc:2    | Found Fommel's Weapon Emporium.
 27597 | Orc:2    | Bought the +8 mithril axe "Arga" {speed, Will+} for 839
                  | gold pieces
 27597 | Orc:2    | Found the +8 mithril axe "Arga" {speed, Will+}
 28034 | Orc:2    | Found Zyoqoa's Antique Weapon Shoppe.
 28057 | Orc:2    | Found Acvu's General Store.
 28406 | Orc:2    | Found Mulina's Weapon Shoppe.
 28419 | Orc:2    | Found Hodofu's Assorted Antiques.
 28429 | Orc:2    | Bought a fine silver ring for 180 gold pieces
 28429 | Orc:2    | Identified the ring of the Grand Tangerine {rElec rPois rF+
                  | rC+ Dex+6} (You bought it in a shop on level 2 of the
                  | Orcish Mines)
 28429 | Orc:2    | Bought a scroll of teleportation for 108 gold pieces
 28446 | Orc:2    | Bought a scroll of teleportation for 48 gold pieces
 28446 | Orc:2    | Bought a scroll of identify for 32 gold pieces
 28802 | D:13     | Noticed Josephine
 28810 | D:13     | Killed Josephine
 29957 | D:14     | Identified the +3 rapier of Precise Incision {protect,
                  | rF++}
 30039 | D:14     | Found a gate to the Vaults.
 30211 | D:15     | Entered Level 15 of the Dungeon
 30516 | D:15     | Found a staircase to the Depths.
 30647 | D:15     | Reached XP level 16. HP: 142/151 MP: 24/24
 31018 | Spider:1 | Entered Level 1 of the Spider Nest
 31373 | Spider:1 | Reached skill level 1 in Dodging
 31597 | Spider:1 | Identified the +0 robe "Beadgh" {rElec}
 32036 | Orc:2    | Bought a scroll of poison for 64 gold pieces
 34234 | Spider:3 | Noticed Mara
 34394 | Spider:3 | Noticed rigao's illusion
 34785 | Spider:3 | Noticed rigao's illusion
 35264 | Spider:3 | Killed Mara
 35268 | Spider:3 | Noticed Kirke
 35272 | Spider:3 | Killed Kirke
 35793 | Spider:3 | Found a transporter.
 35812 | Spider:3 | Reached XP level 17. HP: 87/161 MP: 25/25
 36012 | Spider:3 | Reached skill level 5 in Dodging
 36052 | Spider:3 | Acquired the +10 tower shield of Ignorance {rN+ Int-4}
 36052 | Spider:3 | Found the +10 tower shield of Ignorance {rN+ Int-4}
 36260 | Spider:3 | Found a transporter.
 36460 | Spider:4 | Entered Level 4 of the Spider Nest
 37500 | Spider:4 | Got Routz's Volume of the Black Widow and the Familiar
 38347 | Spider:4 | Got a gossamer rune of Zot
 38348 | Spider:4 | Identified the orb of Hetredd {guile, +Blink rF+}
 38366 | Spider:4 | Identified the +1 pair of boots "Jont" {rF+ Int+5}
 38535 | Swamp:1  | Entered Level 1 of the Swamp
 38820 | Swamp:1  | Noticed a tentacled monstrosity
 38832 | Swamp:1  | Killed a tentacled monstrosity
 39122 | Swamp:1  | Found an iron altar of Okawaru.
 39839 | Swamp:2  | Noticed Aizul
 39849 | Swamp:2  | Killed Aizul
 39898 | Swamp:2  | Reached XP level 18. HP: 171/171 MP: 27/27
 40425 | Swamp:3  | Noticed Nikola
 40436 | Swamp:3  | Killed Nikola
 40679 | Swamp:3  | Noticed Roxanne
 41238 | Swamp:3  | Found a sparkling altar of Nemelex Xobeh.
 41253 | Swamp:3  | Noticed Bai Suzhen
 41268 | Swamp:3  | Killed Bai Suzhen
 41500 | Swamp:3  | Killed Roxanne
 41611 | D:10     | Bought the +5 storm dragon scales of Ojorioduff {rElec rF+
                  | rCorr Dex-3 Slay+2} for 1652 gold pieces
 41741 | Swamp:4  | Entered Level 4 of the Swamp
 41977 | Swamp:4  | Identified the +0 pair of boots of the Festooned God {-Tele
                  | Fly Will++}
 42018 | Swamp:4  | Noticed the 27-headed Lernaean hydra
 42037 | Swamp:4  | Killed the 24-headed Lernaean hydra
 42607 | Swamp:4  | Got a decaying rune of Zot
 43385 | Vaults:1 | Entered Level 1 of the Vaults
 43673 | Vaults:1 | Identified the +1 morningstar of Doubt {venom, rCorr Int-5
                  | Dex+4}
 43846 | Vaults:1 | Reached XP level 19. HP: 137/181 MP: 29/29
 44922 | Vaults:2 | Reached skill level 10 in Dodging
 45062 | Vaults:2 | Reached skill level 15 in Invocations
 45375 | Vaults:2 | Found a magical portal.
 45396 | WizLab   | Entered Borgnjor's Mausoleum
 45573 | WizLab   | HP: 6/163 [revenant/ghostly fireball (28)]
 45573 | WizLab   | HP: 1/163 [spectral tengu reaver[a revenant] (5)]
 45574 | WizLab   | Slain by a spectral fire giant

Illustrated notes

Levels and vault maps discovered:
D:1:      wheals_arrival_linesprint, layout_rooms, corexii_corridor_pit,
          serial_bayou_lagoon_a, palyth_stone_intersect, feat_on_display
D:2:      layout_basic
D:3:      layout_loops_corners, mainiacjoe_overflow_surrounded_room,
          mainiacjoe_overflow_concentric_impassable, gammafunk_ghost_icy,
          minmay_ogre_servants
D:4:      layout_loops_ring, ebering_ghost_disaster_area, uniq_grinder
D:5:      layout_basic, gammafunk_temple_overflow_elements, uniq_blork_the_orc
D:6:      layout_loops_cross, okawaru_altar_gauntlet_db,
          mainiacjoe_overflow_tiny_flanked, temple_green, minmay_diced_spiral,
          uniq_duvessa
D:7:      layout_gridville, nicolae_tso_besieged_by_evil,
          nicolae_ru_the_path_less_chosen, nicolae_overflow_squiral
D:8:      layout_basic
D:9:      layout_cave_pools, special_room [special_room_bee], uniq_maurice,
          uniq_joseph, uniq_amaemon
D:10:     minmay_the_grid_triangle_9x9_recursive_2
          [minmay_the_grid_triangle_9x9_prize_insulated,
          minmay_the_grid_triangle_9x9_corrupted_corridor,
          minmay_the_grid_triangle_9x9_limited_checkers,
          minmay_the_grid_triangle_9x9_odd_lines], layout_basic,
          mainiacjoe_overflow_alcove_1, dpeg_lair_monsters, serial_shops, shop,
          nicolae_shop_peninsula, nicolae_shop_tiny_real_fake_doors,
          nicolae_shop_behind_doors, serial_corexii_hall,
          chequers_hall_statues_wall_a, chequers_hall_statues_wall_a,
          uniq_nergalle
D:11:     layout_loops_ring, xom_shifter_show
D:12:     layout_gridville, orc_0_dummy, gauntlet_entry_generic,
          hangedman_abyss_or_decor_passed, minmay_nine_imps
D:13:     layout_loops_ring, dreamdust_mushroom_princess, uniq_josephine
D:14:     layout_basic, david_vaults_5, minmay_misc_feat_more_columns
D:15:     grunt_enter_depths_giant_problem, layout_rooms, minmay_fountain_box
Temple:   minmay_temple_curvy_loop
Lair:1:   layout_cave_pods, lemuel_fruit_tree, infiniplex_staircase_pool,
          grunt_megastairs_4
Lair:2:   layout_layer_cave, hellmonk_spider_entry_life_and_decay, special_room
Lair:3:   layout_misc_corridors, skrybe_swamp_entry_bodies, enter_volcano_4,
          serial_bayou_shore_a
Lair:4:   layout_cave_pods, slime_entry_2, grunt_megastairs_1,
          serial_bayou_shore_b, lemuel_fruit_fields
Lair:5:   wormcave, layout_hall_layers, gammafunk_ghost_arena, dpeg_oklob_1,
          serial_bayou_shore_b, lemuel_fruit_fields
Swamp:1:  nicolae_swamp_ascending_descending, layout_falls_marsh,
          evilmike_swamp_ruin_house_2, swamp_pool4, nicolae_swamp_godswood,
          nicolae_swamp_super_fun_site
Swamp:2:  layout_basic_swamp, serial_swamp_ruin, evilmike_swamp_ruin_house_1,
          evilmike_swamp_ruin_house_6, hangedman_swamp_ruin_hall, uniq_aizul
Swamp:3:  layout_basic_swamp, lemuel_altar_in_water, uniq_bai_suzhen,
          uniq_nikola, uniq_roxanne
Swamp:4:  swamp_old_school, layout_basic_swamp, swamp_pool2
Spider:1: layout_cave_pods, hangedman_spider_tarantella_strand
Spider:2: layout_spider_delve
Spider:3: gammafunk_sealed_arena, nicolae_spider_not_touching_you, uniq_kirke,
          uniq_mara
Spider:4: floodkiller_spider_rune_tomb
Orc:1:    layout_caves, basic_altar, serial_shops, shop, uniq_fannar,
          uniq_snorg, uniq_jorgrun
Orc:2:    st_orc_elflike, layout_caves, serial_shops, shop
Vaults:1: nicolae_vaults_circle_grid_b, st_squares, v_misc_3,
          hangedman_vaults_capsules, grunt_vaults_funnel,
          nicolae_vaults_network_s, nicolae_vaults_double_plus_2, v_rooms_6,
          v_alt_pattern_5, v_misc_23, nicolae_vaults_asterisk,
          ontoclasm_vaults_pinch, layout_vaults_omnibox
Vaults:2: lightli_enter_wizlab_magi_temple, nicolae_vaults_apartment_1,
          nicolae_vaults_offset_grid_hallway_2, v_misc_8,
          nicolae_vaults_little_squares_3, v_misc_10,
          nicolae_vaults_layer_cake_slice, v_misc_18, layout_vaults_omnigrid,
          serial_shops, nicolae_shop_stone
WizLab:   wizlab_borgnjor

Skill      XL: |  1  2  3  4  5  6  7  8  9 10 11 12 13 14 15 16 17 18 19 |
---------------+----------------------------------------------------------+-----
Shields        | 4 5 6 7 8 9 11 12 13 14 16 17 18 19 | 19.2
Fighting       | 4 5 6 7 8 9 11 12 13 14 16 17 18 19 | 19.3
Armour         | 4 5 6 7 8 9 11 12 13 14 16 17 18 19 | 19.3
Axes           | 3 4 5 6 8 9 11 12 13 14 15 16 17 18 | 18.0
Evocations     | 1 2 3 5 6 |  6.0
Invocations    | 2 4 6 8 9 10 12 13 14 15 | 15.2
Dodging        | 4 7 9 10 | 10.0

Action                     |  1- 3 |  4- 6 |  7- 9 | 10-12 | 13-15 | 16-18 | 19-21 || total
---------------------------+-------+-------+-------+-------+-------+-------+-------++-------
  Melee: War axe           |    82 |    65 |   306 |   490 |  1063 |       |       ||  2006
         Headbutt          |     7 |    11 |    55 |   120 |   350 |   320 |    73 ||   936
         Demon whip        |       |       |       |       |    28 |     6 |       ||    34
         Broad axe         |       |       |       |       |   262 |  1262 |   280 ||  1804
 Invoke: Greater Servant o |       |       |       |       |     5 |    23 |     5 ||    33
  Evoke: Wand              |       |     7 |     8 |    41 |    24 |    15 |     2 ||    97
         Phial of floods   |       |       |       |       |     1 |       |       ||     1
         Condenser vane    |       |       |       |       |       |     1 |     2 ||     3
    Use: Scroll            |       |     3 |     5 |     4 |    24 |     7 |     2 ||    45
         Potion            |       |       |       |       |     3 |     4 |     5 ||    12
   Stab: Distracted        |       |       |       |       |       |     5 |       ||     5
 Armour: Scale mail        |    23 |    12 |     6 |       |       |       |       ||    41
         Chain mail        |       |       |    56 |       |   143 |   363 |       ||   562
         Plate armour      |       |       |     1 |   143 |   172 |       |       ||   316
         Storm dragon scal |       |       |       |       |       |   152 |    98 ||   250
  Dodge: Dodged            |    52 |    58 |   244 |   374 |   597 |   606 |   139 ||  2070
  Block: Buckler           |    19 |    14 |    75 |   219 |   354 |       |       ||   681
         Reflection        |       |       |       |       |    15 |       |       ||    15
         Kite shield       |       |       |       |       |   456 |   673 |   152 ||  1281

Table legend: (Time is in decaauts)
 A = Elapsed time spent in this place.
 B = Non-inter-level travel time spent in this place.
 C = Inter-level travel time spent in this place.
 D = Time resting spent in this place.
 E = Time spent auto-exploring this place.
 F = Levels seen in this place.
 G = Mean time per level.
                   A        B        C        D        E       F      G
               +--------+--------+--------+--------+--------+-----+--------+
         Total |  45184 |  41387 |   3797 |  10887 |  23051 |  36 | 1255.1 |
       Dungeon |  20025 |  18432 |   1593 |   5197 |  10250 |  15 | 1335.0 |
        Temple |    223 |    196 |     27 |      0 |    187 |   1 |  223.0 |
          Lair |   8720 |   7394 |   1326 |   1483 |   4451 |   5 | 1744.0 |
         Swamp |   4603 |   4398 |    205 |    925 |   2777 |   4 | 1150.8 |
   Spider Nest |   6851 |   6583 |    268 |   2506 |   3184 |   4 | 1712.8 |
  Orcish Mines |   1681 |   1467 |    214 |    409 |    769 |   2 |  840.5 |
        Vaults |   1843 |   1681 |    162 |    132 |    976 |   2 |  921.5 |
       Volcano |    436 |    436 |      0 |    109 |    125 |   1 |  436.0 |
        Wizlab |    150 |    150 |      0 |     21 |     24 |   1 |  150.0 |
      Gauntlet |    648 |    648 |      0 |    104 |    307 |   1 |  648.0 |
               +--------+--------+--------+--------+--------+-----+--------+

Top non-repeatable levels by time:
    D:10: 3696 daAuts
     D:9: 2761 daAuts
  Lair:4: 2120 daAuts
  Lair:5: 2102 daAuts
Spider:1: 2077 daAuts
Spider:2: 2022 daAuts
Spider:4: 1885 daAuts
  Lair:2: 1665 daAuts
  Lair:1: 1636 daAuts
     D:3: 1413 daAuts
Vaults:1: 1401 daAuts
 Swamp:3: 1400 daAuts
    D:12: 1364 daAuts
 Swamp:4: 1320 daAuts
     D:8: 1292 daAuts
